 Dungeon Crawl Stone Soup version 0.30-a0-297-g0ec75d9ef4 (webtiles) character file.

Game seed: 8901984572209497563

86 plokij the Covered (level 4, 0/40 HPs)
             Began as a Minotaur Fighter on Oct 19, 2022.
             Slain by a gnoll
             ... wielding a +0 flail
              (4 damage)
             ... on level 2 of the Dungeon.
             The game lasted 00:03:39 (1725 turns).

plokij the Covered (Minotaur Fighter)               Turns: 1725, Time: 00:03:40

Health: 0/40       AC: 11    Str: 21    XL:     4   Next: 26%
Magic:  3/3        EV:  5    Int:  5    God:
Gold:   146        SH:  4    Dex: 11    Spells: 3/3 levels left

rFire   . . .      SeeInvis .    a - +0 long sword
rCold   . . .      Faith    .    c - +0 buckler
rNeg    . . .      Spirit   .    k - +0 plate armour
rPois   .          Reflect  .    (helmet restricted)
rElec   .          Harm     .    (no cloak)
rCorr   .          Rampage  .    (no gloves)
Will    .....                    (no boots)
Stlth   ..........               (no amulet)
HPRegen 0.26/turn                (no ring)
MPRegen 0.08/turn                (no ring)

@: no status effects
A: horns 2, retaliatory headbutt
a: no special abilities


You were on level 2 of the Dungeon.
You visited 1 branch of the dungeon, and saw 2 of its levels.

You collected 146 gold pieces.

Inventory:

Hand Weapons
 a - a +0 long sword (weapon)
Armour
 b - a +0 scale mail
 c - a +0 buckler (worn)
 k - a +0 plate armour (worn)
Jewellery
 i - a ring of resist corrosion
Wands
 o - a wand of flame (24)
Scrolls
 e - 4 scrolls of identify {unknown}
 j - a scroll of teleportation {unknown}
 m - 2 scrolls of enchant armour {unknown}
 n - a scroll of immolation {unknown}
Potions
 d - a potion of might
 f - 2 potions of haste {unknown}
 g - a potion of flight {unknown}
 h - a potion of heal wounds {unknown}
 l - a potion of resistance {unknown}


   Skills:
 + Level 4.2 Fighting
 * Level 4.0 Long Blades
 + Level 4.3 Armour
 + Level 4.2 Shields


You had 3 spell levels left.
You didn't know any spells.
Your spell library contained the following spells:

 Spells                   Type           Power      Damage    Failure   Level
 Foxfire                  Conj/Fire      0%         2x1d4     100%        1
 Scorch                   Fire           0%         2d5       100%        2
 Hailstorm                Conj/Ice       0%         3d3       100%        3
 Inner Flame              Hex/Fire       0%         N/A       100%        3
 Cause Fear               Hex            0%         N/A       100%        4
 Flame Wave               Conj/Fire      0%         2d4       100%        4
 Ice Form                 Ice/Tmut       0%         N/A       100%        4
 Fireball                 Conj/Fire      0%         3d3       100%        5
 Freezing Cloud           Conj/Ice/Air   0%         6-21      100%        5
 Simulacrum               Ice/Necr       0%         N/A       100%        6
 Starburst                Conj/Fire      0%         6d3       100%        6
 Summon Cactus Giant      Summ           0%         N/A       100%        6
 Discord                  Hex            0%         N/A       100%        8
 Polar Vortex             Ice            0%         N/A       100%        9


Dungeon Overview and Level Annotations

Branches:
Dungeon (2/15)

Altars:


Innate Abilities, Weirdness & Mutations

You have a pair of horns on your head.
You reflexively headbutt those who attack you in melee.


Message History

An endoplasm is nearby!
You slash the endoplasm!
You kill the endoplasm!
You now have 146 gold pieces (gained 11).
o - a wand of flame (24)
You see here a +0 whip.
You see here a +0 leather armour.
A gnoll comes into view. It is wielding a +0 spear.
Found a hand axe.
Found a runed hand axe.
A gnoll comes into view. It is wielding a +0 flail.
Found a runed hand axe.
The gnoll shouts!
A gnoll comes into view. It is wielding a +0 spear.
The gnoll shouts!
You block the gnoll's attack.
You slash the gnoll! Your headbutt misses the gnoll.
The gnoll is heavily wounded.
The gnoll hits you with a +0 spear. x2
You hit the gnoll.
The gnoll is severely wounded.
You block the gnoll's attack.
You hit the gnoll.
The gnoll is almost dead.
The gnoll hits you with a +0 spear. The gnoll hits you with a +0 flail!
You slash the gnoll!
You kill the gnoll!
The gnoll hits you but does no damage.
The gnoll hits you from afar with a +0 spear.
Your Long Blades skill increases to level 4!
A gnoll opens the door.
The gnoll hits you with a +0 flail!
* * * LOW HITPOINT WARNING * * *
The gnoll hits you with a +0 spear.
* * * LOW HITPOINT WARNING * * *
Things that are here:
a +0 spear; a gnoll corpse You barely miss the gnoll.
You headbutt the gnoll!
The gnoll is severely wounded.
The gnoll hits you with a +0 flail.
You die...

♣♣ ... ♣♣..#
♣♣♣.)..#
###♣♣....♣.#g
#####
#....@.....'.
...##
#.#♣♣gg.♣..#.
...#
#.##♣♣♣....#.
#..# #..#
♣♣..# #..#
##.#### )..
#..# #.##.#
♣♣ ### #..#
#.##.# #.#
#..#
##.##.#####.#
#.# #..#
#...........#
#.#####


You could see 3 gnolls.

Vanquished Creatures
  2 adders (D:2)
  A gnoll (D:2)
  2 worms (D:2)
  A dart slug (D:1)
  5 ball pythons
  2 bats
  9 endoplasms
  5 hobgoblins
  4 jackals (D:1)
  A quokka (D:1)
  4 frilled lizards
  7 kobolds
  4 rats
47 creatures vanquished.

Notes
Turn   | Place    | Note
-------+----------+-------------------------------------------
     0 | D:1      | plokij the Minotaur Fighter began the quest for the Orb.
     0 | D:1      | Reached XP level 1. HP: 19/19 MP: 0/0
   180 | D:1      | Reached XP level 2. HP: 21/27 MP: 1/1
   264 | D:1      | Found a faded altar of an unknown god.
   667 | D:1      | Reached XP level 3. HP: 31/33 MP: 2/2
  1324 | D:2      | Reached XP level 4. HP: 40/40 MP: 3/3
  1725 | D:2      | Slain by a gnoll

Illustrated notes

Levels and vault maps discovered:
D:1:      spicycebolla_arrival_xxxplode, layout_loops_ring,
          ebering_ecumenical_altar_ruins, serial_co_window_serial,
          co_window_paths_b, co_window_of_opportunity_a,
          co_window_of_opportunity_a, co_window_paths_a, co_window_paths_a,
          co_window_of_opportunity_a, co_window_paths_a, co_window_corner_ca,
          co_window_broadway_a, co_window_corner_b, co_window_unsneaky_path_a,
          glass_columns_b, glass_columns_a, chequers_decorated_corner
D:2:      layout_loops_ring, pf_guarded_unrand_woodcutter

Skill      XL: |  1  2  3  4 |
---------------+-------------+-----
Long Blades    | 3 4 |  4.0
Shields        | 4 |  4.2
Fighting       | 4 |  4.2
Armour         | 4 |  4.3

Action                   |  1- 3 |  4- 6 || total
-------------------------+-------+-------++-------
Melee: Long sword        |   101 |    13 ||   114
       Headbutt          |    14 |     2 ||    16
Armor: Scale mail        |    27 |       ||    27
       Plate armour      |    19 |     4 ||    23
Dodge: Dodged            |    41 |     2 ||    43
Block: Buckler           |    18 |     2 ||    20

Table legend: (Time is in decaauts)
 A = Elapsed time spent in this place.
 B = Non-inter-level travel time spent in this place.
 C = Inter-level travel time spent in this place.
 D = Time resting spent in this place.
 E = Time spent auto-exploring this place.
 F = Levels seen in this place.
 G = Mean time per level.
                   A        B        C        D        E       F      G
               +--------+--------+--------+--------+--------+-----+--------+
         Total |   1757 |   1544 |    213 |      0 |   1165 |   2 |  878.5 |
       Dungeon |   1757 |   1544 |    213 |      0 |   1165 |   2 |  878.5 |
               +--------+--------+--------+--------+--------+-----+--------+

Top non-repeatable levels by time:
     D:1: 1009 daAuts
     D:2: 747 daAuts
